 Dungeon Crawl Stone Soup version 0.29.1-1-gd02db6906a (webtiles) character file.

Game seed: 6535781958555449314

2 mtoz the Protected (level 1, -1/13 HPs)
             Began as a Gnoll Wanderer on Sept 21, 2022.
             Slain by a quokka (4 damage)
             ... on level 1 of the Dungeon.
             The game lasted 00:01:18 (69 turns).

mtoz the Protected (Gnoll Wanderer)                   Turns: 69, Time: 00:01:19

Health: -1/13      AC: 10    Str: 11    XL:     1   Next: 30%
Magic:  4/4        EV:  9    Int: 10    God:
Gold:   18         SH:  0    Dex: 12    Spells: 4/5 levels left

rFire   . . .      SeeInvis .   a - +0 dagger
rCold   . . .      Faith    .   (no shield)
rNeg    . . .      Spirit   .   d - +2 scale mail
rPois   .          Reflect  .   (no helmet)
rElec   .          Harm     .   (no cloak)
rCorr   .          Rampage  .   (no gloves)
Will    .....                   (no boots)
Stlth   +.........              (no amulet)
HPRegen 0.04/turn               (no ring)
MPRegen 0.09/turn               (no ring)

@: no status effects
A: fangs 1, strong nose, distributed training
a: no special abilities


You were on level 1 of the Dungeon.
You visited 1 branch of the dungeon, and saw 1 of its levels.

You collected 18 gold pieces.

Inventory:

Hand Weapons
 a - a +0 dagger (weapon)
Armour
 d - a +2 scale mail (worn)
Scrolls
 c - a scroll of vulnerability
Potions
 b - a potion of curing


   Skills:
 + Level 0.0 Fighting
 + Level 0.0 Short Blades
 + Level 0.0 Long Blades
 + Level 0.0 Axes
 + Level 0.0 Maces & Flails
 + Level 0.0 Polearms
 + Level 0.0 Staves
 + Level 0.0 Ranged Weapons
 + Level 0.0 Throwing
 + Level 10.3 Armour
 + Level 0.0 Dodging
 + Level 2.1 Stealth
 + Level 0.0 Shields
 + Level 0.0 Unarmed Combat
 + Level 2.6 Spellcasting
 + Level 3.6 Conjurations
 + Level 0.0 Hexes
 + Level 0.0 Summonings
 + Level 0.0 Necromancy
 + Level 0.0 Translocations
 + Level 0.0 Transmutations
 + Level 0.0 Fire Magic
 + Level 0.0 Ice Magic
 + Level 0.0 Air Magic
 + Level 0.0 Earth Magic
 + Level 0.0 Poison Magic
 + Level 2.4 Invocations
 + Level 0.0 Evocations


You had 4 spell levels left.
You knew the following spells:

 Your Spells              Type           Power      Damage    Failure   Level
a - Shock                 Conj/Air       20%        1d4       50%         1

Your spell library contained the following spells:

 Spells                   Type           Power      Damage    Failure   Level
 Stone Arrow              Conj/Erth      10%        3d7       86%         3


Dungeon Overview and Level Annotations

Branches:
Dungeon (1/15)

Altars:


Innate Abilities, Weirdness & Mutations

You have very sharp teeth.
Your uncanny sense of smell can sniff out nearby items.
Your experience applies equally to all skills.


Message History

The quokka closely misses you.
You see here a scroll labelled NIEBOU UXTA.
The quokka attacks as you move away!
The quokka bites you but does no damage.
Found a stone staircase leading down.
The quokka attacks as you move away! The quokka closely misses you.
A hobgoblin and a kobold come into view.
Found a dagger and a scroll labelled JAIMIH UVOPP.
The hobgoblin shouts!
The kobold shouts!
The quokka attacks as you move away! The quokka barely misses you.
Found a scroll labelled ABUOMAACAO.
Okay, then.
You aren't carrying any items that you can evoke.
Unknown command.
Found a dark potion.
The quokka barely misses you.
The hobgoblin hits you but does no damage.
The quokka bites you but does no damage.
The kobold hits you but does no damage.
There is a stone staircase leading down here.
The quokka attacks as you move away!
The quokka bites you but does no damage.
The quokka attacks as you move away! The quokka closely misses you.
The kobold hits you but does no damage. The quokka attacks as you move away!
The quokka bites you but does no damage.
The hobgoblin attacks as you move away! The hobgoblin closely misses you.
You see here a scroll labelled JAIMIH UVOPP.
The kobold attacks as you move away! The kobold hits you but does no damage.
The quokka bites you but does no damage.
The kobold attacks as you move away! The kobold hits you but does no damage.
The quokka attacks as you move away! The quokka barely misses you.
The kobold attacks as you move away! The kobold closely misses you.
The kobold attacks as you move away! The kobold hits you but does no damage.
Found a stone staircase leading down.
The quokka attacks as you move away! The quokka barely misses you.
The quokka attacks as you move away!
The quokka bites you but does no damage.
There is a stone staircase leading down here.
The quokka attacks as you move away! The quokka bites you.
You die...

#........#
#....?...#
#....K..?####
###..........
###.#!.####
#.#g....
#.#.######
#.r.K....#
###rr@...#
#####..# .# #


You could see 2 quokkas, a hobgoblin, a kobold and a rat.

Vanquished Creatures
  2 kobolds (D:1)
  A rat (D:1)
3 creatures vanquished.

Notes
Turn   | Place    | Note
-------+----------+-------------------------------------------
     0 | D:1      | Reached skill level 10 in Armour
     0 | D:1      | mtoz the Gnoll Wanderer began the quest for the Orb.
     0 | D:1      | mtoz set off with the following items: a +0 dagger, a
                  | potion of curing, a scroll of vulnerability, a +2 scale
                  | mail; and the following spell memorised: Shock; and the
                  | following spells available to memorise: Stone Arrow.
     0 | D:1      | Reached XP level 1. HP: 13/13 MP: 4/4
    69 | D:1      | Slain by a quokka

Illustrated notes

Levels and vault maps discovered:
D:1:      dpeg_arrival_rooms_b, layout_loops_ring,
          shapermc_ecumenical_altar_mp_ritualfount

Skill      XL: | |
---------------+-+-----
Armour         | | 10.3
Stealth        | |  2.1
Spellcasting   | |  2.6
Conjurations   | |  3.6
Invocations    | |  2.4

Action                   || total
-------------------------++-------
Melee: Dagger            ||    14
 Cast: Shock             ||     2
Armor: Scale mail        ||    22
Dodge: Dodged            ||    18
